AoeStats
← Chlupinek

Arena

505275718Analyzed
4v4 RM · 22d ago on Sep 8, 2026· 71m 6s· 8 players
Game mode
Random Map
Map size
Large (8 player)
Population
200
Speed
Normal
Resources
Standard
Victory
Conquest
Starting age
Dark Age
Ending age
Imperial Age
RankedLock teamsTeams togetherTeam positionsShared explorationLock speedFull tech treeHidden civsTurbo modeCheats
Victory
Defeat
🇺🇦 Bengalis · Ukraine
1705
+15
🇦🇷 Teutons · Argentina
1672
+17
🇩🇪 Bohemians · Germany
1654
+17
🇨🇿 Byzantines · Czechia
1567
+21
🇷🇺 Dravidians · Russia
1744
-20
🇷🇺 Malians · Russia
1721
-19
🇦🇲 Italians · Armenia
1674
-17
🇻🇳 Mongols · Vietnam
1591
-14
BF_Xin
11:23 Feudal Age
12:40 Double-Bit Axe
15:18 Castle Age
16:16 Bow Saw
15:46 Horse Collar
16:47 Heavy Plow
25:43 Loom
28:30 Imperial Age
27:27 Forging
27:17 Scale Mail Armor
28:07 Wheelbarrow
28:48 Iron Casting
28:23 Man-at-Arms
29:04 Squires
29:22 Chain Mail Armor
29:25 Hand Cart
30:19 Chemistry
29:14 Long Swordsman
31:16 Blast Furnace
30:45 Conscription
30:03 Two-Handed Swordsman
30:44 Squires
32:01 Plate Mail Armor
31:08 Champion
34:24 Pikeman
35:40 Elite Hussite Wagon
36:29 Fletching
37:07 Ballistics
36:48 Halberdier
38:07 Halberdier
41:42 Two-Man Saw
42:12 Wagenburg Tactics
42:40 Bombard Tower
44:37 Bodkin Arrow
44:30 Arrowslits
46:40 Masonry
48:47 Bracer
52:14 Padded Archer Armor
52:44 Elite Skirmisher
54:07 Leather Archer Armor
60:34 Ring Archer Armor
Chlupinek
10:42 Feudal Age
14:41 Castle Age
12:45 Horse Collar
13:32 Double-Bit Axe
23:40 Bow Saw
24:17 Fletching
24:57 Bodkin Arrow
25:17 Padded Archer Armor
24:40 Elite Skirmisher
24:46 Crossbowman
25:22 Elite Skirmisher
26:58 Leather Archer Armor
29:08 Ballistics
29:26 Wheelbarrow
29:22 Thumb Ring
29:10 Loom
30:20 Elite Skirmisher
33:10 Leather Archer Armor
34:03 Gold Mining
34:15 Heavy Plow
34:33 Hand Cart
37:07 Imperial Age
36:35 Hand Cart
38:48 Chemistry
37:50 Bracer
38:39 Ring Archer Armor
40:42 Crop Rotation
41:15 Two-Man Saw
40:55 Gold Shaft Mining
40:22 Stone Mining
41:22 Scale Barding Armor
41:17 Scale Mail Armor
41:28 Forging
41:00 Treadmill Crane
41:48 Light Cavalry
42:50 Chain Barding Armor
42:44 Hussar
44:41 Plate Barding Armor
47:14 Iron Casting
51:11 Murder Holes
53:08 Husbandry
59:20 Coinage
59:00 Guilds
64:32 Banking
64:03 Caravan
El Sobol
10:14 Feudal Age
12:15 Loom
14:56 Castle Age
14:17 Double-Bit Axe
14:13 Horse Collar
17:28 Bow Saw
20:32 Wheelbarrow
22:08 Heavy Plow
22:31 Hand Cart
22:33 Gold Mining
23:42 Fletching
24:32 Gold Shaft Mining
28:30 Imperial Age
25:52 Fletching
25:48 Treadmill Crane
26:34 Bodkin Arrow
27:17 Ballistics
27:03 Padded Archer Armor
28:14 Leather Archer Armor
29:28 Bracer
30:31 Chemistry
28:54 Elite Elephant Archer
30:27 Ring Archer Armor
30:02 Husbandry
30:33 Conscription
30:36 Paiks
30:37 Town Watch
30:44 Stone Mining
34:19 Forging
34:14 Scale Barding Armor
33:48 Light Cavalry
34:38 Bloodlines
36:00 Iron Casting
34:47 Elite Battle Elephant
37:17 Chain Barding Armor
39:24 Plate Barding Armor
42:55 Blast Furnace
55:45 Caravan
60:37 Elite Skirmisher
65:16 Two-Man Saw
65:16 Guilds
Konigs
10:56 Feudal Age
14:38 Castle Age
12:55 Double-Bit Axe
13:20 Horse Collar
15:38 Bow Saw
21:44 Wheelbarrow
21:56 Stone Mining
26:57 Imperial Age
25:19 Hand Cart
25:04 Fletching
25:08 Pikeman
26:34 Bodkin Arrow
26:50 Squires
26:49 Loom
26:50 Town Watch
26:40 Elite Skirmisher
27:48 Padded Archer Armor
28:51 Chemistry
29:12 Two-Man Saw
28:14 Heavy Plow
29:08 Conscription
29:28 Scale Barding Armor
29:39 Leather Archer Armor
29:34 Forging
30:08 Scale Mail Armor
30:18 Forging
31:29 Cavalier
31:58 Halberdier
32:34 Arson
33:57 Chain Barding Armor
34:15 Bloodlines
35:45 Plate Barding Armor
36:44 Ballistics
36:42 Chain Mail Armor
37:03 Iron Casting
37:15 Crenellations
39:14 Blast Furnace
39:55 Paladin
41:20 Siege Engineers
43:00 Masonry
44:56 Plate Mail Armor
47:12 Ring Archer Armor
53:02 Sappers
57:55 Gold Mining
59:21 Caravan
61:16 Guilds
64:54 Ironclad
Sueta
10:52 Feudal Age
14:28 Castle Age
12:40 Double-Bit Axe
12:58 Horse Collar
15:21 Bow Saw
17:22 Wheelbarrow
17:08 Heavy Plow
21:55 Gold Mining
22:25 Hand Cart
27:28 Imperial Age
25:56 Gold Shaft Mining
25:56 Forging
25:47 Scale Mail Armor
25:41 Loom
25:41 Town Watch
26:17 Stone Mining
26:35 Squires
26:20 Arson
27:24 Iron Casting
28:04 Chain Mail Armor
29:18 Chemistry
29:01 Conscription
29:50 Husbandry
30:00 Bloodlines
30:15 Onager
31:32 Plate Mail Armor
32:32 Farimba
31:53 Light Cavalry
32:39 Scale Barding Armor
33:01 Masonry
33:12 Ballistics
34:53 Chain Barding Armor
34:24 Elite Gbeto
37:55 Hoardings
37:37 Siege Onager
38:40 Heavy Camel Rider
40:12 Plate Barding Armor
44:55 Caravan
46:18 Guard Tower
46:59 Architecture
47:31 Keep
47:29 Fletching
50:20 Guilds
56:07 Fortified Wall
57:32 Coinage
56:26 Cavalier
58:29 Man-at-Arms
64:32 Bodkin Arrow
64:53 Tigui
66:54 Padded Archer Armor
SHell | forvin
5:46 Loom
11:21 Feudal Age
15:23 Castle Age
13:13 Horse Collar
13:48 Double-Bit Axe
17:28 Bow Saw
18:29 Wheelbarrow
20:50 Heavy Plow
22:45 Gold Mining
23:54 Hand Cart
23:38 Loom
24:35 Husbandry
24:36 Stone Mining
25:04 Town Watch
30:12 Imperial Age
27:36 Fletching
28:17 Bodkin Arrow
28:44 Ballistics
28:44 Thumb Ring
29:15 Padded Archer Armor
29:28 Thumb Ring
32:01 Chemistry
31:08 Bracer
31:58 Leather Archer Armor
32:43 Elite Elephant Archer
33:56 Ring Archer Armor
33:41 Crossbowman
36:01 Scale Mail Armor
36:19 Stone Mining
36:09 Siege Elephant
38:46 Squires
39:02 Chain Mail Armor
40:15 Plate Mail Armor
39:56 Forging
39:45 Arson
42:40 Conscription
43:00 Wootz Steel
43:03 Conscription
43:43 Iron Casting
44:55 Caravan
48:56 Two-Man Saw
49:42 Scale Barding Armor
50:22 Conscription
50:36 Light Cavalry
52:34 Chain Barding Armor
54:11 Blast Furnace
56:41 Elite Skirmisher
63:34 Coinage
SHell | ANDÃO
11:48 Feudal Age
12:58 Double-Bit Axe
15:48 Castle Age
19:54 Imperial Age
21:39 Chemistry
20:40 Padded Archer Armor
21:54 Wheelbarrow
21:47 Leather Archer Armor
24:33 Gold Mining
26:01 Loom
29:23 Ring Archer Armor
35:08 Stone Mining
35:00 Horse Collar
35:31 Bow Saw
38:32 Silk Road
38:26 Pirotechnia
39:28 Conscription
40:25 Stone Shaft Mining
40:26 Hand Cart
41:52 Silk Road
41:20 Treadmill Crane
41:50 Masonry
41:43 Town Watch
46:36 Two-Man Saw
46:15 Hoardings
45:40 Heavy Plow
46:02 Silk Road
47:24 Coinage
47:07 Guilds
47:54 Caravan
49:07 Coinage
50:53 Crop Rotation
54:08 Ballistics
53:39 Fletching
54:01 Fortified Wall
54:21 Architecture
60:34 Bodkin Arrow
61:49 Bracer
66:20 Thumb Ring
65:40 Elite Skirmisher
67:56 Shipwright
67:32 Murder Holes
ZiZi
8:02 Feudal Age
8:29 Double-Bit Axe
8:54 Horse Collar
12:05 Wheelbarrow
16:55 Castle Age
16:01 Stone Mining
16:08 Gold Mining
18:03 Bow Saw
17:59 Heavy Plow
20:44 Stone Mining
24:26 Stone Shaft Mining
25:38 Hand Cart
26:36 Loom
29:52 Imperial Age
27:42 Fletching
28:27 Bodkin Arrow
29:33 Ballistics
29:34 Padded Archer Armor
30:04 Elite Mangudai
31:06 Conscription
31:45 Bloodlines
31:36 Husbandry
31:59 Masonry
32:28 Hoardings
31:19 Capped Ram
32:33 Siege Ram
34:18 Chemistry
33:19 Bracer
33:35 Leather Archer Armor
34:07 Drill
34:25 Thumb Ring
34:46 Parthian Tactics
35:56 Scale Barding Armor
35:12 Light Cavalry
36:53 Conscription
42:56 Siege Engineers
43:28 Hoardings
50:41 Chain Barding Armor
54:23 Forging
63:51 Caravan
Connection lost

Rejoining the realm…

Still unreachable

The connection could not be restored.

Session expired

The server has moved on; the page needs a fresh start.